 Dungeon Crawl Stone Soup version 0.24-a0-201-gf205589 (webtiles) character file.

Game seed: 2134502192628579494

910 Borgoz the Cutter (level 8, -2/72 HPs)
             Began as a Gargoyle Gladiator on Mar 25, 2019.
             Slain by an ogre
             ... wielding a +0 giant club
              (8 damage)
             ... on level 6 of the Dungeon.
             The game lasted 00:07:24 (4315 turns).

Borgoz the Cutter (Gargoyle Gladiator)              Turns: 4315, Time: 00:07:24

Health: -2/72      AC: 14    Str: 22    XL:     8   Next: 8%
Magic:  0/11       EV: 10    Int: 10    God:
Gold:   288        SH:  0    Dex: 13    Spells: 11/11 levels left

rFire    . . .     SeeInvis .   b - +0 rapier
rCold    . . .     Gourm    .   (no shield)
rNeg     + + .     Faith    .   y - +1 ring mail {rN+}
rPois    ∞         Spirit   +   c - +0 helmet
rElec    +         Reflect  .   s - scarf {repulsion}
rCorr    .         Harm     .   (no gloves)
MR       .....                  h - +0 pair of boots
Stlth    ..........             r - amulet of guardian spirit
HPRegen  0.22/turn              q - -3 ring of evasion (curse)
MPRegen  0.12/turn              (no ring)

@: berserking, repel missiles, very quick
A: negative energy resistance 1, electricity resistance, unbreathing,
petrification resistance, rot immunity, AC +5
a: no special abilities


You were on level 6 of the Dungeon.
You were hungry.

You visited 1 branch of the dungeon, and saw 6 of its levels.

You collected 288 gold pieces.

Inventory:

Hand Weapons
 a - a +0 rapier
 b - a +0 rapier (weapon)
Missiles
 d - 3 throwing nets (quivered)
 w - 3 tomahawks
Armour
 c - a +0 helmet (worn)
 h - a +0 pair of boots (worn)
 s - a scarf of repulsion (worn)
 y - a +1 ring mail of positive energy (worn)
Jewellery
 p - an uncursed ring of ice
 q - a cursed -3 ring of evasion (left hand)
 r - an amulet of guardian spirit (around neck)
Wands
 u - a wand of acid (3)
 v - a wand of random effects (24)
Scrolls
 e - 3 scrolls of identify
 i - 2 scrolls of enchant armour
 m - a scroll of magic mapping
 o - a scroll of amnesia
 x - a scroll of remove curse {unknown}
 B - 3 scrolls of fear {unknown}
Potions
 g - 3 potions of lignification
 j - a potion of resistance
 k - a potion of curing
 l - a potion of might
 n - 2 potions of haste
 t - a potion of berserk rage
 A - a potion of cancellation {unknown}
 C - a potion of heal wounds {unknown}
Comestibles
 f - 10 rations
 z - a chunk of flesh


   Skills:
 + Level 3.9 Fighting
 * Level 4.6 Short Blades
 + Level 3.1 Throwing
 + Level 3.0 Armour
 * Level 4.1 Dodging
 + Level 3.3 Stealth
 + Level 2.3 Spellcasting


You had 11 spell levels left.
You didn't know any spells.
Your spell library was empty.

Dungeon Overview and Level Annotations

Branches:
Dungeon (6/15)
 Temple: D:4-7

Altars:
Qazlal
Sif Muna
Trog
Uskayaw
Wu Jian

Shops:
D:4 *


Innate Abilities, Weirdness & Mutations

You are resistant to torment.
Your stone body is resilient. (AC +5)
You are immune to poison.
You resist negative energy. (rN+)
You are resistant to electric shocks. (rElec)
You can survive without breathing.
You are immune to petrification.
You are immune to rotting.


Message History

You are too injured to fight recklessly!
You are too injured to fight recklessly!
You are too injured to fight recklessly!
You hit the ogre.
The ogre is severely wounded.
You are feeling hungry.
The ogre hits you with a +0 giant club.
You hit the ogre but do no damage.
The ogre is severely wounded.
The worm bites you but does no damage.
You hit the ogre but do no damage.
The ogre is severely wounded.
The ogre hits you with a +0 giant club!
* * * LOW HITPOINT WARNING * * *
The worm bites you.
* * * LOW HITPOINT WARNING * * *
A red film seems to cover your vision as you go berserk!
You feel yourself moving faster!
You feel mighty! The ogre hits you with a +0 giant club!
You die...

# ######### #
#.#.......###.#
..............#.
..#...#.<.......
>.....#>..#####.
#........#
#...#.#.#####
#..?#.#......
#....@..###
#.#.#Ow...#
..#..........
#.#...#.###
#.#...#.# #
..... # .#.### .
..


You could see an ogre and a worm.

Vanquished Creatures
  An ice beast (D:4)
  A phantom (D:5)
  A water moccasin zombie (D:5)
  2 scorpions
  A howler monkey (D:5)
  A centaur zombie (D:5)
  5 orc wizards
  Jessica (D:2)
  A bullfrog skeleton (D:4)
  An iguana (D:4)
  2 worker ants (D:5)
  2 hound skeletons
  4 gnolls (D:5)
  10 adders
  An ooze (D:1)
  A worm (D:2)
  2 dart slugs
  5 leopard geckos
  9 orcs
  5 bats
  A giant cockroach (D:5)
  6 goblins
  9 hobgoblins
  6 jackals
  5 quokkas
  2 ball pythons
  4 frilled lizards
  5 kobolds
  A leopard gecko skeleton (D:5)
  A leopard gecko zombie (D:5)
  8 rats
104 creatures vanquished.

Notes
Turn   | Place    | Note
-------+----------+-------------------------------------------
     0 | D:1      | Borgoz the Gargoyle Gladiator began the quest for the Orb.
     0 | D:1      | Reached XP level 1. HP: 12/12 MP: 1/1
   242 | D:1      | Reached XP level 2. HP: 17/17 MP: 2/2
   664 | D:2      | Reached XP level 3. HP: 20/22 MP: 3/3
   847 | D:2      | Reached skill level 1 in Stealth
  1013 | D:2      | Reached skill level 1 in Armour
  1099 | D:2      | Reached XP level 4. HP: 27/27 MP: 3/5
  1301 | D:2      | Found a faded altar of an unknown god.
  1363 | D:2      | Found an ornate altar of the Wu Jian Council.
  1379 | D:2      | Noticed Jessica
  1384 | D:2      | Killed Jessica
  1417 | D:2      | Found a bloodstained altar of Trog.
  1434 | D:2      | Reached XP level 5. HP: 20/32 MP: 6/6
  1792 | D:3      | Reached skill level 1 in Spellcasting
  1833 | D:3      | Found a deep blue altar of Sif Muna.
  2404 | D:4      | Found a hide-covered altar of Uskayaw.
  2452 | D:4      | Reached XP level 6. HP: 37/37 MP: 6/8
  2745 | D:4      | Found Toreid's General Store.
  2790 | D:4      | Noticed an ice beast
  2800 | D:4      | Killed an ice beast
  2999 | D:4      | Reached XP level 7. HP: 17/41 MP: 4/9
  3518 | D:5      | Entered Level 5 of the Dungeon
  3830 | D:5      | Found a stormy altar of Qazlal.
  4124 | D:5      | Found a bloodstained altar of Trog.
  4279 | D:5      | Reached XP level 8. HP: 41/48 MP: 11/11
  4315 | D:6      | Slain by an ogre

Levels and vault maps discovered:
D:1:      eino_arrival_water_star, layout_loops_ring, amethyst_killhole
D:2:      layout_loops_ring, overflow_temple_1_default,
          chequers_ecumenical_altar_simple, trog_butcher_becter, uniq_jessica
D:3:      layout_rooms, minmay_misc_feat_x, led_sif_book
D:4:      layout_loops_ring, eat_drink_and_be_merry_uskayaw, first_ration,
          serial_shops, shop
D:5:      layout_cave_pools, lemuel_round_altar, grunt_ministairs_14,
          nicolae_qazlal_general_emergency
D:6:      layout_basic, palyth_temple_overflow_mages, minitemple,
          minmay_temple_entry_statues_pillars, kennysheep_cluttered_room

Skill      XL: |  1  2  3  4  5  6  7 |
---------------+----------------------+-----
Short Blades   | 3 4 |  4.6
Throwing       | 2 3 |  3.1
Stealth        | 1 2 3 |  3.3
Armour         | 1 2 3 |  3.0
Dodging        | 3 4 |  4.1
Spellcasting   | 1 2 |  2.3
Fighting       | 3 |  3.9

Action                   |  1- 3 |  4- 6 |  7- 9 || total
-------------------------+-------+-------+-------++-------
Melee: Rapier            |    87 |   220 |   174 ||   481
Evoke: Wand              |       |     3 |     1 ||     4
  Use: Scroll            |       |       |    10 ||    10
       Potion            |       |       |     1 ||     1
 Stab: Sleeping          |     1 |     2 |       ||     3
  Eat: Chunk             |     1 |     6 |     4 ||    11
Armor: Leather armour    |    62 |    41 |       ||   103
       Ring mail         |       |    53 |   154 ||   207
Dodge: Dodged            |    68 |   136 |    84 ||   288

Table legend:
 A = Non-vault XP
 B = Vault XP
 C = Vault XP percentage of total XP
 D = Non-vault monster count
 E = Vault monster count
 F = Vault count percentage of total count
                 A         B        C        D         E       F
            +---------+---------+-------+---------+---------+-------
      Total |    1198 |     103 |   7.9 |      96 |       8 |   7.7
            +---------+---------+-------+---------+---------+-------
        D:1 |      45 |       0 |   0.0 |      16 |       0 |   0.0
        D:2 |      86 |      47 |  35.3 |      27 |       5 |  15.6
        D:3 |     112 |      25 |  18.2 |      19 |       1 |   5.0
        D:4 |     455 |       0 |   0.0 |      17 |       0 |   0.0
        D:5 |     500 |      31 |   5.8 |      17 |       2 |  10.5
            +---------+---------+-------+---------+---------+-------
